 Dungeon Crawl Stone Soup version 0.24.0-13-gcf9b319 (webtiles) character file.

Game seed: 8821948618345383523, levelgen mode: deterministic

2116 Bronimir the Conjurer (level 9, -5/55 HPs)
             Began as an Octopode Conjurer on Apr 20, 2020.
             Was a Follower of Vehumet.
             Killed from afar by Joseph (8 damage)
             ... with a puff of flame
             ... on level 7 of the Dungeon.
             The game lasted 00:22:24 (9192 turns).

Bronimir the Conjurer (Octopode Conjurer)           Turns: 9192, Time: 00:22:24

Health: -5/55      AC:  2    Str:  8    XL:     9   Next: 29%
Magic:  1/17       EV: 15    Int: 20    God:    Vehumet [*.....]
Gold:   178        SH:  0    Dex: 12    Spells: 4/19 levels left

rFire    . . .     SeeInvis +   a - +3 hand axe (freeze)
rCold    . . .     Gourm    .   (no shield)
rNeg     . . .     Faith    .   z - +1 hat
rPois    .         Spirit   .   (no amulet)
rElec    .         Reflect  .   i - ring of see invisible
rCorr    .         Harm     .   (no ring)
MR       .....                  (no ring)
Stlth    +++.......             (no ring)
HPRegen  0.18/turn              (no ring)
MPRegen  0.15/turn              (no ring)
                                (no ring)
                                (no ring)

@: no status effects
A: almost no armour, stealthy swim, amphibious, 8 rings, constrict 8, camouflage
1, gelatinous body 1
a: Renounce Religion


You were on level 7 of the Dungeon.
You worshipped Vehumet.
Vehumet was aware of your devotion.
You were hungry.

You visited 2 branches of the dungeon, and saw 8 of its levels.

You collected 290 gold pieces.
You spent 112 gold pieces at shops.

Inventory:

Hand Weapons
 a - a +3 hand axe of freezing (weapon)
 b - a +0 shortbow
 x - a +0 hand crossbow
 C - a +0 hunting sling
 L - a +2 whip of freezing
Missiles
 j - 282 stones (quivered)
 t - 57 sling bullets
 y - 53 arrows
Armour
 d - a +0 shield
 n - a +0 shield
 z - a +1 hat (worn)
Magical Staves
 p - an uncursed staff of energy
Jewellery
 i - a ring of see invisible (left tentacle)
Wands
 G - a wand of polymorph (9)
 J - a wand of digging (3)
Scrolls
 f - 5 scrolls of teleportation {unknown}
 g - 6 scrolls of identify {unknown}
 h - 2 scrolls of enchant weapon
 k - 2 scrolls of fear {unknown}
 o - 2 scrolls of magic mapping {unknown}
 r - 2 scrolls of amnesia {unknown}
 A - 4 scrolls of remove curse {unknown}
 B - a scroll of random uselessness {unknown}
 D - a scroll of fog {unknown}
 E - a scroll of immolation {unknown}
 I - a scroll of vulnerability {unknown}
 K - a scroll of enchant armour {unknown}
Potions
 c - a potion of magic {unknown}
 e - 2 potions of lignification {unknown}
 m - a potion of agility {unknown}
 q - 2 potions of brilliance {unknown}
 s - 2 potions of haste
 u - a potion of degeneration {unknown}
 v - a potion of mutation {unknown}
 F - a potion of ambrosia {unknown}
 H - a potion of flight {unknown}
Comestibles
 w - 3 rations


   Skills:
 * Level 2.8 Fighting
 + Level 2.1 Axes
 + Level 1.8 Slings
 + Level 1.8 Bows
 * Level 4.9 Dodging
 - Level 2.6 Stealth
 + Level 1.5 Shields
 + Level 5.5 Spellcasting
 * Level 7.7 Conjurations
 * Level 1.0 Hexes
 * Level 3.8 Evocations


You had 4 spell levels left.
You knew the following spells:

 Your Spells              Type           Power        Failure   Level  Hunger
a - Magic Dart            Conj           ####         1%          1    None
b - Searing Ray           Conj           #####.       1%          2    None
c - Dazzling Spray        Conj/Hex       ###...       5%          3    ##.....
d - Iskenderun's Mystic   Conj           #####...     4%          4    ####...
e - Sting                 Conj/Pois      ###.         2%          1    None
f - Fulminant Prism       Conj/Hex       ###.......   19%         4    ####...

Your spell library contained the following spells:

 Spells                   Type           Power        Failure   Level  Hunger
 Force Lance              Conj/Tloc      ###.....     22%         4    ####...


Dungeon Overview and Level Annotations

Branches:
Dungeon (7/15)             Temple (1/1) D:5

Altars:
Ashenzari
Cheibriados
Dithmenos
Elyvilon
Fedhas
Gozag
Hepliaklqana
Kikubaaqudgha
Makhleb
Nemelex Xobeh
Okawaru
Qazlal
Ru
Sif Muna
Trog
Vehumet
Wu Jian
Xom
Yredelemnul
Zin
The Shining One

Shops:
D:4 }:*

Annotations:
D:7 Joseph


Innate Abilities, Weirdness & Mutations

You cannot wear most types of armour.
You are very stealthy in the water. (Stealth+)
You are amphibious.
You can wear up to eight rings at the same time.
You can use your tentacles to constrict eight enemies at once.
Your skin changes colour to match your surroundings (Stealth+).
Your rubbery body absorbs attacks. (AC +1, EV +1)


Message History

Okay, then.
Casting: Searing Ray (safe; 1% risk of failure)
Confirm with . or Enter, or press ? or * to list all spells.
Aiming: Dazzling Spray (safe; 5% risk of failure)
Press: ? - help, Shift-Dir - straight line, f/p - Joseph
Aim: Joseph, wielding a +2 hunting sling of freezing, wearing a +0 leather armour of magic resistance and carrying a wand of flame (7) (moderately wounded, fast, poisoned)
The spray of energy hits Joseph!
Joseph is heavily wounded.
Joseph zaps a wand.
The puff of flame hits you.
* * * LOW HITPOINT WARNING * * *
Casting: Dazzling Spray (safe; 5% risk of failure)
Confirm with . or Enter, or press ? or * to list all spells.
You don't have enough magic to cast that spell.
Unknown command.
Okay, then.
As you read the scroll labeled ZAXABA VEIMAFO, it crumbles to dust.
It is a scroll of enchant weapon.
Your +2 hand axe of freezing glows red for a moment.
Joseph looks more healthy.
Joseph zaps a wand.
The puff of flame hits you!
You die...

##.###.[#.#####.#..###
...# #..)............#
.#.###..#.....######(#
.#......#.....# #.#
.########.##..# Z.# .#
#.##..# .@.# .#
####.##..# ..#.. .#
.....##..######..# .#
.......(..(@.@...# .#
<..###.######...#
.#....... #.######.###
.#...... #........#
.#.......# ##.#######
##.......# #.#
......##.# #.#
##.#..##.####.#
##.#..........######


You could see Joseph.

Vanquished Creatures
  Pikel (D:6)
  Edmund (D:6)
  Duvessa (D:6)
  An orc warrior (D:6)
  2 slaves
  A phantom (D:5)
  2 ogres
  2 centaurs
  Dowan (D:6)
  A howler monkey (D:6)
  5 crimson imps
  2 bullfrog zombies (D:5)
  2 hounds
  A centaur skeleton (D:5)
  A jelly (D:7)
  2 orc priests
  4 orc wizards
  4 worker ants
  A mummy (D:7)
  A worker ant zombie (D:6)
  8 adders
  An ooze (D:3)
  An adder skeleton (D:6)
  8 worms
  A dart slug (D:2)
  3 leopard geckos
  14 orcs
  3 ball pythons
  8 giant cockroaches
  3 goblins
  6 hobgoblins
  3 jackals (D:3)
  4 quokkas
  8 bats
  5 frilled lizards
  A hobgoblin zombie (D:7)
  A jackal zombie (D:5)
  7 kobolds
  2 kobold zombies (D:7)
  An orc zombie (D:7)
  5 rats
129 creatures vanquished.

Notes
Turn   | Place    | Note
-------+----------+-------------------------------------------
     0 | D:1      | Bronimir the Octopode Conjurer began the quest for the Orb.
     0 | D:1      | Reached XP level 1. HP: 11/11 MP: 3/3
   322 | D:1      | Reached XP level 2. HP: 17/17 MP: 3/5
   989 | D:2      | Learned a level 2 spell: Searing Ray
  1110 | D:2      | Reached XP level 3. HP: 21/21 MP: 3/6
  1480 | D:2      | Reached skill level 5 in Conjurations
  1651 | D:2      | Learned a level 3 spell: Dazzling Spray
  1964 | D:3      | Reached XP level 4. HP: 27/27 MP: 7/7
  2203 | D:3      | Reached XP level 5. HP: 20/31 MP: 4/9
  2417 | D:3      | Reached skill level 1 in Axes
  3077 | D:4      | Found Niythaen's General Store.
  3085 | D:4      | Bought a potion of curing for 42 gold pieces
  3085 | D:4      | Bought a potion of heal wounds for 70 gold pieces
  3094 | D:4      | Reached XP level 6. HP: 13/37 MP: 6/10
  3470 | D:4      | Found Nillaizihu's Book Shoppe.
  3551 | D:4      | Found Neuveuth's Gadget Boutique.
  4030 | D:5      | Entered Level 5 of the Dungeon
  4053 | D:5      | Learned a level 4 spell: Iskenderun's Mystic Blast
  4221 | D:5      | Found a staircase to the Ecumenical Temple.
  4233 | D:5      | Reached skill level 1 in Evocations
  4253 | D:5      | Noticed a phantom
  4258 | Temple   | Entered the Ecumenical Temple
  4687 | Temple   | Became a worshipper of Vehumet
  4744 | D:5      | Killed a phantom
  4744 | D:5      | Reached skill level 1 in Slings
  4744 | D:5      | Reached skill level 1 in Shields
  4744 | D:5      | Reached XP level 7. HP: 11/42 MP: 0/11
  5201 | D:5      | Reached skill level 1 in Fighting
  5208 | D:5      | Reached skill level 6 in Conjurations
  5604 | D:5      | Found a sacrificial altar of Ru.
  6331 | D:6      | Noticed Pikel
  6336 | D:6      | Reached XP level 8. HP: 44/48 MP: 4/14
  6817 | D:6      | Reached skill level 1 in Bows
  6836 | D:6      | Reached * piety under Vehumet
  6836 | D:6      | Offered knowledge of Sting by Vehumet.
  7191 | D:6      | Noticed Dowan
  7193 | D:6      | Noticed Duvessa
  7243 | D:6      | Killed Duvessa
  7243 | D:6      | Reached skill level 7 in Conjurations
  7252 | D:6      | Killed Dowan
  7740 | D:6      | Noticed Edmund
  7767 | D:6      | HP: 1/50 [Edmund/+2 dire flail of draining (5)]
  7768 | D:6      | Killed Edmund
  8271 | D:6      | Killed Pikel
  8271 | D:6      | Reached skill level 5 in Spellcasting
  8271 | D:6      | Reached skill level 1 in Hexes
  8271 | D:6      | Reached XP level 9. HP: 23/55 MP: 2/17
  9001 | D:7      | Noticed Joseph
  9154 | D:7      | Learned a level 1 spell: Sting
  9159 | D:7      | Learned a level 4 spell: Fulminant Prism
  9189 | D:7      | HP: 2/55 [Joseph/sling bullet (3)]
  9192 | D:7      | Killed from afar by Joseph

Levels and vault maps discovered:
D:1:      dpeg_arrival_water_temple_mockup, layout_loops_cross,
          minmay_misc_feat_secret_circle, minmay_fountain_box
D:2:      layout_basic, first_ration, corexii_shack
D:3:      layout_basic
D:4:      layout_rooms, gup_sewer_entry_spiral, serial_shops,
          nicolae_shop_window_shopping, shop_statue, shop
D:5:      layout_rooms, minmay_temple_entry_slanted,
          nicolae_ru_great_annihilating_truth
D:6:      minmay_angry_zag, layout_layer_cave, uniq_pikel, uniq_edmund,
          uniq_duvessa
D:7:      layout_loops_cross, minmay_mini_ossuary, uniq_joseph
Temple:   kilobyte_greek_temple

Skill      XL: |  1  2  3  4  5  6  7  8 |
---------------+-------------------------+-----
Conjurations   | 5 6 7 |  7.7
Axes           | 1 2 |  2.1
Dodging        | 3 4 |  4.9
Spellcasting   | 3 4 5 |  5.5
Evocations     | 1 2 3 |  3.8
Slings         | 1 |  1.8
Shields        | 1 |  1.5
Fighting       | 1 2 |  2.8
Bows           | 1 |  1.8
Hexes          | 1 |  1.0
Stealth        | |  2.6

Action                   |  1- 3 |  4- 6 |  7- 9 || total
-------------------------+-------+-------+-------++-------
Melee: Unarmed           |     4 |       |       ||     4
       Tentacles         |     7 |     6 |     9 ||    22
       Constrict         |     5 |     7 |     6 ||    18
       Hand axe          |    18 |    51 |    30 ||    99
 Fire: Hunting sling     |       |    20 |       ||    20
       Shortbow          |       |       |    18 ||    18
 Cast: Magic Dart        |    33 |    24 |    66 ||   123
       Searing Ray       |     3 |    14 |    30 ||    47
       Dazzling Spray    |       |     1 |    11 ||    12
       Iskenderun's Myst |       |       |     5 ||     5
       Sting             |       |       |     3 ||     3
Evoke: Staff of energy   |       |     1 |     6 ||     7
  Use: Potion            |       |       |     4 ||     4
       Scroll            |       |       |     1 ||     1
 Stab: Sleeping          |     6 |     9 |       ||    15
       Invisible         |       |     1 |       ||     1
  Eat: Chunk             |     4 |     8 |     9 ||    21
       Ration            |       |       |     2 ||     2
Armor: Skin              |     1 |     6 |     9 ||    16
Dodge: Dodged            |    17 |    48 |   100 ||   165
